 Dungeon Crawl Stone Soup version 0.27-a0-1158-gaa87e14f67 (webtiles) character file.

Game seed: 13996494894041009043

360 leviel the Ruffian (level 6, -16/91 HPs)
             Began as a Troll Monk on May 15, 2021.
             Demolished by Dowan
             ... wielding a +2 dagger of electrocution
              (20 damage)
             ... on level 4 of the Dungeon.
             The game lasted 00:03:35 (2561 turns).

leviel the Ruffian (Troll Monk)                     Turns: 2561, Time: 00:03:35

Health: -16/91     AC:  4    Str: 25 (28) XL:     6   Next: 38%
Magic:  5/5        EV: 10    Int:  4 (6)  God:
Gold:   153        SH:  0    Dex:  9 (12) Spells: 5/5 levels left

rFire    . . .     SeeInvis .     - Unarmed
rCold    + . .     Faith    .   (no shield)
rNeg     . . .     Spirit   .   a - +0 robe
rPois    .         Reflect  .   (helmet restricted)
rElec    .         Harm     .   (no cloak)
rCorr    .         Rampage  .   (gloves unavailable)
Will     .....                  (boots unavailable)
Stlth    ..........             (no amulet)
HPRegen  1.25/turn              d - ring of protection from cold
MPRegen  0.09/turn              c - +6 ring of strength

@: berserking, very quick
A: large, unfitting armour, claws 3, regeneration 1, shaggy fur 1, tough skin 1
a: no special abilities


You were on level 4 of the Dungeon.
You visited 2 branches of the dungeon, and saw 5 of its levels.

You collected 153 gold pieces.

Inventory:

Armour
 a - a +0 robe (worn)
Jewellery
 c - a +6 ring of strength (right claw)
 d - a ring of protection from cold (left claw)
 m - a +6 ring of dexterity
 p - a +6 ring of intelligence
Scrolls
 f - 3 scrolls of identify {unknown}
 g - a scroll of teleportation {unknown}
 h - a scroll of fear {unknown}
 j - a scroll of enchant armour {unknown}
Potions
 b - 2 potions of degeneration
 e - a potion of might {unknown}
 i - a potion of berserk rage
 k - a potion of attraction {unknown}
 l - a potion of flight {unknown}
 n - a potion of magic {unknown}
 o - a potion of mutation {unknown}


   Skills:
 + Level 3.5 Fighting
 + Level 3.6 Dodging
 - Level 1.1 Stealth
 * Level 5.5 Unarmed Combat


You had 5 spell levels left.
You didn't know any spells.
Your spell library contained the following spells:

 Spells                   Type           Power      Damage    Failure   Level
 Foxfire                  Conj/Fire      0%         2x1d4     50%         1
 Summon Small Mammal      Summ           0%         N/A       50%         1
 Call Imp                 Summ           0%         N/A       65%         2
 Call Canine Familiar     Summ           0%         N/A       86%         3
 Conjure Flame            Conj/Fire      0%         6-21      86%         3
 Inner Flame              Hex/Fire       0%         N/A       86%         3
 Summon Guardian Golem    Hex/Summ       0%         N/A       86%         3
 Sticky Flame             Conj/Fire      0%         2d3       99%         4
 Summon Ice Beast         Ice/Summ       0%         N/A       99%         4
 Summon Lightning Spire   Summ/Air       0%         N/A       99%         4
 Fireball                 Conj/Fire      0%         3d3       100%        5


Dungeon Overview and Level Annotations

Branches:
Dungeon (4/15)             Temple (1/1) D:4

Altars:
Ashenzari
Cheibriados
Dithmenos
Elyvilon
Fedhas
Gozag
Hepliaklqana
Kikubaaqudgha
Makhleb
Okawaru
Ru
Sif Muna
Trog
Uskayaw
Xom
Zin

Annotations:
D:4 3 runed translucent doors, AtomicRavioli's ghost, amateur DsTm; Dowan


Innate Abilities, Weirdness & Mutations

You are too large for most types of armour.
You have claws for hands.
Your natural rate of healing is unusually fast.
You are covered in fur. (AC +1)
You have tough skin. (AC +1)


Message History

Duvessa hits you with a +4 short sword of speed. x2
You claw Duvessa! You claw Duvessa.
Duvessa is heavily wounded.
Duvessa barely misses you.
You closely miss Duvessa.
Duvessa is heavily wounded.
Duvessa says, "My weaknesses are his strengths!"
Duvessa hits you with a +4 short sword of speed!
* * * LOW HITPOINT WARNING * * *
You claw Duvessa!
Duvessa is almost dead.
Duvessa hits you with a +4 short sword of speed!
* * * LOW HITPOINT WARNING * * *
Dowan gestures wildly while chanting.
Dowan blinks!
Duvessa barely misses you.
You scratch Duvessa.
You kill Duvessa!
Dowan seems overcome with grief, but rights himself reflexively soon after.
Dowan seems to find hidden reserves of power!
Dowan hits you with a +2 dagger of electrocution.
* * * LOW HITPOINT WARNING * * *
You have reached level 6!
Your experience leads to an increase in your attributes!
Your base attributes are Str 20, Int 6, Dex 12.
Increase (S)trength, (I)ntelligence, or (D)exterity?
You feel stronger. x2
It was a potion of degeneration.
There was something very wrong with that liquid.
You feel weakened.
You feel dopey.
You feel clumsy. Dowan barely misses you. Dowan misses you.
It was a potion of berserk rage.
A red film seems to cover your vision as you go berserk!
You feel yourself moving faster!
You feel mighty! Dowan barely misses you.
You closely miss Dowan. Dowan barely misses you.
You claw Dowan!
Dowan is heavily wounded.
Dowan hits you with a +2 dagger of electrocution.
* * * LOW HITPOINT WARNING * * *
You are electrocuted!!
You die...

#.##..........# ###
..............# ..#
#####.#.......########.#
# #.......#......#.#
#................#
#.<.......####.).)
#..............###
#)#+##+#.#####.#..
#.####@#.##........(#.#
#....e.........#..###.#
######.#.#####....# #.#
#.#.....#.##.# #.#
#.........##.# #..
#######.>....# ###
########


You could see Dowan (fast).

Vanquished Creatures
  Duvessa (D:4)
  A scorpion (D:4)
  A howler monkey (D:3)
  An orc wizard (D:4)
  2 hound skeletons (D:4)
  2 adders (D:3)
  An adder skeleton (D:4)
  2 worms (D:2)
  2 dart slugs (D:4)
  3 orcs (D:4)
  6 bats
  5 endoplasms
  6 giant cockroaches
  14 goblins
  7 hobgoblins
  12 kobolds
  A quokka (D:1)
  6 ball pythons
  4 frilled lizards
  6 rats
83 creatures vanquished.

Vanquished Creatures (others)
  4 plants (D:2)
4 creatures vanquished.

Grand Total: 87 creatures vanquished

Notes
Turn   | Place    | Note
-------+----------+-------------------------------------------
     0 | D:1      | leviel the Troll Monk began the quest for the Orb.
     0 | D:1      | Reached XP level 1. HP: 22/22 MP: 0/0
   183 | D:1      | Reached XP level 2. HP: 29/29 MP: 1/1
   978 | D:2      | Reached XP level 3. HP: 36/36 MP: 2/2
  1229 | D:2      | Found a faded altar of an unknown god.
  1757 | D:3      | Found a broken altar of Ashenzari.
  1835 | D:3      | Reached skill level 4 in Unarmed Combat
  1848 | D:3      | Reached XP level 4. HP: 44/44 MP: 3/3
  2174 | D:4      | Reached XP level 5. HP: 53/53 MP: 4/4
  2198 | D:4      | Found a staircase to the Ecumenical Temple.
  2209 | Temple   | Entered the Ecumenical Temple
  2379 | D:4      | Noticed AtomicRavioli's ghost (amateur DsTm)
  2379 | D:4      | Noticed an ice beast
  2406 | D:4      | Found a runed translucent gate.
  2406 | D:4      | Found a runed translucent gate.
  2406 | D:4      | Found a runed translucent gate.
  2417 | D:4      | Reached skill level 5 in Unarmed Combat
  2535 | D:4      | Noticed Duvessa
  2536 | D:4      | Noticed Dowan
  2557 | D:4      | Killed Duvessa
  2558 | D:4      | Reached XP level 6. HP: 3/61 MP: 5/5
  2561 | D:4      | HP: 4/91 [Dowan/+2 dagger of electrocution (6)]
  2561 | D:4      | Demolished by Dowan

Illustrated notes

Levels and vault maps discovered:
D:1:      saegor_arrival_under_anarchy, layout_basic
D:2:      wad_woods_pond, layout_basic, shapermc_ecumenical_altar_gd
D:3:      layout_rooms, lemuel_doored_altar, minmay_statues_item
D:4:      layout_basic, gammafunk_temple_overflow_elements,
          minmay_temple_entry_statues_pillars, gammafunk_ghost_icy, uniq_duvessa
Temple:   nicolae_temple_no_exploring_needed

Skill      XL: |  1  2  3  4  5 |
---------------+----------------+-----
Unarmed Combat | 4 5 |  5.5
Dodging        | 3 |  3.6
Fighting       | 3 |  3.5
Stealth        | |  1.1

Action                   |  1- 3 |  4- 6 || total
-------------------------+-------+-------++-------
Melee: Unarmed           |   147 |    88 ||   235
       Punch             |     2 |     1 ||     3
  Use: Potion            |       |     2 ||     2
 Stab: Sleeping          |     6 |     1 ||     7
Armor: Robe              |    27 |    26 ||    53
Dodge: Dodged            |    68 |    37 ||   105

Table legend: (Time is in decaauts)
 A = Elapsed time spent in this place.
 B = Non-inter-level travel time spent in this place.
 C = Inter-level travel time spent in this place.
 D = Time resting spent in this place.
 E = Time spent auto-exploring this place.
 F = Levels seen in this place.
 G = Mean time per level.
                   A        B        C        D        E       F      G
               +--------+--------+--------+--------+--------+-----+--------+
         Total |   2547 |   2488 |     59 |     18 |   1967 |   5 |  509.4 |
       Dungeon |   2545 |   2487 |     58 |     18 |   1967 |   4 |  636.2 |
        Temple |      1 |      0 |      1 |      0 |      0 |   1 |    1.0 |
               +--------+--------+--------+--------+--------+-----+--------+

Top non-repeatable levels by time:
     D:2: 873 daAuts
     D:1: 831 daAuts
     D:3: 446 daAuts
     D:4: 394 daAuts
  Temple: 1 daAuts
